 Dungeon Crawl Stone Soup version 0.22-a0-448-g1fb7470 (webtiles) character file.

698 Ijustatesigmund the Skirmisher (level 7, 0/76 HPs)
             Began as an Ogre Fighter on June 4, 2018.
             Slain by a gnoll
             ... wielding a +1 spear of freezing
              (4 damage)
             ... on level 5 of the Dungeon.
             The game lasted 00:08:29 (3133 turns).

Ijustatesigmund the Skirmisher (Ogre Fighter)       Turns: 3133, Time: 00:08:31

Health: 0/76       AC:  6    Str: 21    XL:     7   Next: 65%
Magic:  7/7        EV: 11    Int:  9    God:
Gold:   188        SH:  0    Dex: 10    Spells: 6/6 levels left

rFire    . . .     SeeInvis .   a - +0 giant spiked club
rCold    . . .     Gourm    .   (shield currently unavailable)
rNeg     . . .     Faith    .   b - +0 robe
rPois    .         Spirit   .   (helmet restricted)
rElec    .         Reflect  .   l - +2 cloak
rCorr    .         Harm     .   (gloves unavailable)
MR       .....                  (boots unavailable)
Stlth    +.........             (no amulet)
HPRegen  0.00/turn              (no ring)
MPRegen  0.10/turn              (no ring)

@: no status effects
A: large, unfitting armour, mutation resistance 1, inhibited regeneration, tough
skin 1
a: no special abilities


You were on level 5 of the Dungeon.
You were not hungry.

You visited 1 branch of the dungeon, and saw 5 of its levels.

You collected 188 gold pieces.

Inventory:

Hand Weapons
 a - a +0 giant spiked club (weapon)
Missiles
 o - 5 javelins (quivered)
Armour
 b - a +0 robe (worn)
 c - a +0 shield
 l - a +2 cloak (worn)
Jewellery
 r - an uncursed amulet of the acrobat
Wands
 j - a wand of paralysis (16)
 q - a wand of flame (30)
Scrolls
 e - a scroll of identify
 n - 2 scrolls of amnesia
 s - 3 scrolls of remove curse
Potions
 d - a potion of might
 g - a potion of brilliance
 h - a potion of lignification {unknown}
 i - a potion of cancellation {unknown}
 p - a potion of flight
Comestibles
 f - 3 rations


   Skills:
 + Level 6.8 Fighting
 * Level 5.8 Maces & Flails
 + Level 4.0 Dodging
 - Level 2.6 Shields


You had 6 spell levels left.
You didn't know any spells.
Your spell library was empty.

Dungeon Overview and Level Annotations

Branches:
Dungeon (5/15)
 Temple: D:4-7

Altars:
Ashenzari
Cheibriados
Wu Jian
Xom

Shops:
D:4 =


Innate Abilities, Weirdness & Mutations

You are too large for most types of armour.
You have tough skin. (AC +1)
You are somewhat resistant to further mutation.
You do not regenerate when monsters are visible.


Message History

You are too injured to fight recklessly!
You are too injured to fight recklessly!
You are too injured to fight recklessly!
You barely miss the hound. The hound bites you but does no damage.
The quokka zombie barely misses you.
The gnoll hits you from afar with a spear of freezing.
* * * LOW HITPOINT WARNING * * *
The gnoll freezes you.
* * * LOW HITPOINT WARNING * * *
The hound bites you.
* * * LOW HITPOINT WARNING * * *
The quokka zombie bites you.
* * * LOW HITPOINT WARNING * * *
You hit the hound.
The hound is lightly wounded.
The hound barely misses you. The gnoll barely misses you. The hound bites you.
* * * LOW HITPOINT WARNING * * *
The quokka zombie bites you but does no damage.
The gnoll hits you from afar with a spear of freezing.
You die...

#...## .$....
......# #.(....
...#..###......%
##.#(...........
................
........<)......
#.##...........
#.###.###......
#...)@..#......
##...hZ.# ...##
##..g..# .$...
#.....# ..##
#...... ..#
#.......
......(..
##.....###.


You could see a hound, a gnoll and a quokka zombie.

Vanquished Creatures
  The ghost of Curus the Changer, an amateur MfTm (D:4)
  An ogre (D:4)
  A centaur (D:5)
  A scorpion (D:4)
  2 hounds
  A jelly (D:4)
  An iguana (D:4)
  A worker ant (D:4)
  4 gnolls
  3 adders (D:3)
  An ooze (D:4)
  An adder skeleton (D:4)
  2 worms (D:2)
  2 dart slugs (D:2)
  3 leopard geckos
  An orc (D:4)
  2 giant cockroaches (D:2)
  8 hobgoblins
  7 jackals
  8 kobolds
  A quokka (D:2)
  9 bats
  5 frilled lizards
  9 goblins
  7 rats
82 creatures vanquished.

Notes
Turn   | Place    | Note
-------+----------+-------------------------------------------
     0 | D:1      | Ijustatesigmund the Ogre Fighter began the quest for the Orb.
     0 | D:1      | Reached XP level 1. HP: 24/24 MP: 1/1
     3 | D:1      | Noticed an electric eel
     3 | D:1      | Noticed an electric eel
    69 | D:1      | Reached XP level 2. HP: 14/33 MP: 2/2
   338 | D:1      | Reached XP level 3. HP: 26/40 MP: 3/3
   794 | D:2      | Found a shattered altar of Ashenzari.
   965 | D:2      | Found a snail-covered altar of Cheibriados.
   979 | D:2      | Reached XP level 4. HP: 46/49 MP: 4/4
  1243 | D:2      | Reached skill level 5 in Fighting
  1423 | D:2      | Found an ornate altar of the Wu Jian Council.
  1946 | D:3      | Reached XP level 5. HP: 56/57 MP: 5/5
  1965 | D:3      | Found a shimmering altar of Xom.
  2381 | D:4      | Noticed an ogre
  2390 | D:4      | Killed an ogre
  2390 | D:4      | Reached XP level 6. HP: 66/67 MP: 6/6
  2501 | D:4      | Noticed Curus's ghost (amateur MfTm)
  2522 | D:4      | Killed Curus's ghost
  2522 | D:4      | Reached skill level 6 in Fighting
  2522 | D:4      | Reached skill level 5 in Maces & Flails
  2548 | D:4      | Reached XP level 7. HP: 21/76 MP: 7/7
  2550 | D:4      | Gained mutation: You do not regenerate when monsters are visible. [potion of mutation]
  2550 | D:4      | Gained mutation: You are robust. (+10% HP) [potion of mutation]
  3025 | D:4      | Found Ymiox's Jewellery Boutique.
  3033 | D:4      | Lost mutation: You are robust. (+10% HP) [potion of mutation]
  3033 | D:4      | Gained mutation: You are somewhat resistant to further mutation. [potion of mutation]
  3111 | D:5      | Entered Level 5 of the Dungeon
  3133 | D:5      | Slain by a gnoll

Vault maps used:
D:1:      arrival_aquarium_b
D:2:      lemuel_round_altar, kennysheep_slug_shrine, ashenzari_altar_1
D:3:      cheibrodos_helix_gallery, first_ration, xom_teletrap_fun
D:4:      serial_shops, shop
D:5:      marbit_many_paths, serial_shops, shop_statue, fedhas_altar_fruit_tree

Skill      XL: |  1  2  3  4  5  6  7 |
---------------+----------------------+-----
Maces & Flails | 2 3 4 5 |  5.8
Fighting       | 5 6 |  6.8
Dodging        | 3 4 |  4.0
Shields        | |  2.6

Action                   |  1- 3 |  4- 6 |  7- 9 || total
-------------------------+-------+-------+-------++-------
Melee: Flail             |    94 |   111 |       ||   205
       Giant spiked club |       |    18 |    32 ||    50
       Unarmed           |       |     6 |       ||     6
Throw: Javelin           |    19 |     5 |       ||    24
Evoke: Wand              |     3 |     6 |       ||     9
  Use: Scroll            |     3 |     4 |     2 ||     9
       Potion            |       |       |     5 ||     5
 Stab: Paralysed         |     3 |     5 |       ||     8
  Eat: Chunk             |       |     4 |       ||     4
       Ration            |       |     1 |       ||     1
Armor: Robe              |    47 |    34 |    19 ||   100
Dodge: Dodged            |    56 |    56 |    42 ||   154
Block: Shield            |    61 |    31 |       ||    92

Table legend:
 A = Spawn XP
 B = Non-spawn XP
 C = Spawn XP percentage of total XP
 D = Spawn monster count
 E = Non-spawn monster count
 F = Spawn count percentage of total count
 G = Total turns spent on level
                    A         B        C        D         E        F      G
               +---------+---------+-------+---------+---------+-------+---------
         Total |       0 |     998 |   0.0 |       0 |      82 |   0.0 |  3133
               +---------+---------+-------+---------+---------+-------+---------
           D:1 |       0 |      46 |   0.0 |       0 |      22 |   0.0 |   794
           D:2 |       0 |      59 |   0.0 |       0 |      28 |   0.0 |   710
           D:3 |       0 |      64 |   0.0 |       0 |      15 |   0.0 |   763
           D:4 |       0 |     635 |   0.0 |       0 |      12 |   0.0 |   844
           D:5 |       0 |     194 |   0.0 |       0 |       5 |   0.0 |    22
               +---------+---------+-------+---------+---------+-------+---------
